 Dungeon Crawl Stone Soup version 0.29.1-2-gbd0b4ee654 (webtiles) character file.

Game seed: 1993903991330542686

40806 Anriel the Thaumaturge (level 13, -8/66 HPs)
             Began as a Deep Elf Conjurer on Nov 2, 2022.
             Was a High Priest of Sif Muna.
             Shot with an arrow by a centaur warrior (15 damage)
             ... on level 14 of the Dungeon on Nov 3, 2022.
             The game lasted 01:56:00 (17768 turns).

Anriel the Thaumaturge (Deep Elf Conjurer)         Turns: 17768, Time: 01:56:00

Health: -8/66      AC: 11    Str:  4    XL:     13   Next: 76%
Magic:  24/33      EV: 36    Int: 27    God:    Sif Muna [*****.]
Gold:   941        SH:  0    Dex: 21    Spells: 20/41 levels left

rFire   . . .      SeeInvis .   t - staff of conjuration
rCold   + + .      Faith    .   (no shield)
rNeg    + . .      Spirit   .   s - +2 robe of the Morning Star {rC+ Stlth+}
rPois   .          Reflect  .   a - +2 hat
rElec   .          Harm     .   o - +0 cloak
rCorr   .          Rampage  .   k - +2 pair of gloves
Will    ++...                   f - +0 pair of boots
Stlth   +++++.....              G - amulet of the acrobat
HPRegen 0.21/turn               x - ring "Minnaen" {rC+ rN+ Will+}
MPRegen 0.23/turn               E - +6 ring of dexterity

@: acrobatic, studying Polearms
A: no striking features
a: Renounce Religion, Channel Magic, Forget Spell, Divine Exegesis


You were on level 14 of the Dungeon.
You worshipped Sif Muna.
Sif Muna was extremely pleased with you.
You visited 2 branches of the dungeon, and saw 15 of its levels.
You also visited: Sewer, Bailey and Ice Cave.

You collected 1161 gold pieces.
You spent 220 gold pieces at shops.

Inventory:

Hand Weapons
 d - the +2 hand axe "Soluuruh" {spect, *Noise rF+ Str+2 Dex+7}
   (You found it on level 4 of the Dungeon)

   When its wielder attacks, the weapon's spirit leaps out and strikes again.
   The spirit shares a part of any damage it takes with its wielder.
   Str:       It affects your strength (+2).
   Dex:       It affects your dexterity (+7).
   rF:        It protects you from fire.
   *Noise:    It may make noises in combat.
 i - a +2 quarterstaff of flaming
 l - the +1 mace of the Slime-mould {drain, Will+}
   (You found it on level 13 of the Dungeon)

   A truly terrible weapon, it drains the life of any living foe it strikes.
   Will:      It increases your willpower.
 r - a +1 dagger of protection
 w - a +2 short sword of electrocution
 B - the +5 halberd of Dithmenos's Vengeance {vamp, rF+ Will+}
   (You took it off a hobgoblin in a bailey)

   It occasionally heals its wielder for a portion of the damage dealt when it
   wounds a living foe.
   rF:        It protects you from fire.
   Will:      It increases your willpower.
 I - the +9 sling "Goajo" {freeze, rElec}
   (You found it on level 8 of the Dungeon)

   Any ammunition fired from it freezes those it strikes, dealing additional
   cold damage.
   It can also slow down cold-blooded creatures.
   rElec:     It insulates you from electricity.
 M - a +2 quarterstaff of speed
Armour
 a - a +2 hat (worn)
 f - a +0 pair of boots (worn)
 j - a +0 robe of willpower
 k - a +2 pair of gloves (worn)
 o - a +0 cloak (worn)
 s - the +2 robe of the Morning Star (worn) {rC+ Stlth+}
   (You found it on level 3 of the Dungeon)

   rC:        It protects you from cold.
   Stlth:     It makes you more stealthy.
 L - the +9 ring mail of Tiuhakoi {+Blink rPois rF+}
   (You found it in a bailey)

   rF:        It protects you from fire.
   rPois:     It protects you from poison.
   +Blink:    It lets you blink.
 N - a +2 ring mail of cold resistance
 U - a scarf of resistance
 V - the +4 scale mail of Qazlal {Slay+3}
   (You found it on level 10 of the Dungeon)

   Slay:      It affects your accuracy & damage with ranged weapons and melee
   (+3).
 Z - a +1 crystal plate armour of cold resistance
Magical Staves
 t - a staff of conjuration (weapon)
 P - a staff of death
Jewellery
 c - a ring of protection from cold
 x - the ring "Minnaen" (left hand) {rC+ rN+ Will+}
   (You acquired it in a bailey)

   [ring of positive energy]

   rC:        It protects you from cold.
   rN:        It protects you from negative energy.
   Will:      It increases your willpower.
 y - a ring of protection from fire
 E - a +6 ring of dexterity (right hand)
 G - an amulet of the acrobat (around neck)
Wands
 g - a wand of flame (18)
 u - a wand of paralysis (13)
 C - a wand of polymorph (16)
 W - a wand of mindburst (10)
Scrolls
 b - 5 scrolls of teleportation
 p - 3 scrolls of identify
 q - 3 scrolls of enchant weapon
 J - 2 scrolls of butterflies
 O - a scroll of magic mapping
 Q - 3 scrolls of fear
Potions
 e - 9 potions of curing
 h - 3 potions of attraction
 m - 2 potions of lignification
 n - 2 potions of haste
 v - 2 potions of resistance
 z - 3 potions of might
 A - a potion of flight
 F - 2 potions of ambrosia
 H - 2 potions of invisibility
 K - 2 potions of brilliance
Miscellaneous
 Y - a phial of floods


   Skills:
 + Level 1.8 Fighting
 + Level 3.5 Short Blades
 * Level 12.5 Dodging
 + Level 6.3 Stealth
 + Level 14.9 Spellcasting
 + Level 13.1 Conjurations
 + Level 7.7 Translocations
 + Level 6.4 Fire Magic
 * Level 10.3 Invocations
 + Level 0.1 Evocations


You had 20 spell levels left.
You knew the following spells:

 Your Spells              Type           Power      Damage    Failure   Level
a - Magic Dart            Conj           100%       1d8       0%          1
b - Searing Ray           Conj           100%       2d8       1%          2
c - Iskenderun's Mystic   Conj/Tloc      86%        2d17      1%          4
d - Flame Wave            Conj/Fire      83%        2d18      1%          4
e - Freeze                Ice            80%        1d9       2%          1
f - Stone Arrow           Conj/Erth      100%       3d13      1%          3
g - Starburst             Conj/Fire      41%        6d12      7%          6

Your spell library contained the following spells:

 Spells                   Type           Power      Damage    Failure   Level
 Foxfire                  Conj/Fire      100%       2x1d9     1%          1
 Conjure Flame            Conj/Fire      83%        6-21      1%          3
 Dazzling Flash           Conj/Hex       100%       N/A       1%          3
 Inner Flame              Hex/Fire       37%        N/A       1%          3
 Portal Projectile        Hex/Tloc       82%        N/A       1%          3
 Fulminant Prism          Conj/Hex       35%        3d18      1%          4
 Necrotise                Necr           80%        1d8       2%          1
 Sandblast                Erth           40%        2d10      2%          1
 Sting                    Tmut/Pois      80%        1d7       2%          1
 Passwall                 Tmut/Erth      16%        N/A       4%          2
 Poisonous Vapours        Pois/Air       40%        N/A       4%          2
 Sublimation of Blood     Necr           20%        N/A       4%          2
 Irradiate                Conj/Tmut      35%        3d23      4%          5
 Call Canine Familiar     Summ           20%        N/A       8%          3
 Leda's Liquefaction      Hex/Erth       10%        N/A       26%         4
 Olgreb's Toxic Radiance  Pois           20%        N/A       26%         4
 Petrify                  Tmut/Erth      20%        N/A       26%         4
 Summon Ice Beast         Ice/Summ       20%        N/A       26%         4
 Agony                    Necr           20%        N/A       58%         5
 Metabolic Englaciation   Hex/Ice        10%        N/A       58%         5
 Eringya's Noxious Bog    Tmut/Pois      10%        N/A       99%         6
 Dragon Form              Tmut           10%        N/A       100%        7
 Haunt                    Necr/Summ      10%        N/A       100%        7
 Death's Door             Necr           10%        N/A       100%        9
 Fire Storm               Conj/Fire      41%        8d11      100%        9


Dungeon Overview and Level Annotations

Branches:
Dungeon (14/15)            Temple (1/1) D:6            Lair (0/5) D:9
    Orc (0/2) D:9           Sewer (visited)          Bailey (visited)
  IceCv (visited)
 Vaults: D:13-14

Altars:
Ashenzari
Cheibriados
Dithmenos
Elyvilon
Fedhas
Gozag
Hepliaklqana
Kikubaaqudgha
Makhleb
Nemelex Xobeh
Okawaru
Qazlal
Ru
Sif Muna
Trog
Uskayaw
Vehumet
Wu Jian
Xom
Yredelemnul
Zin
The Shining One
Lugonu

Shops:
D:1 *   D:5 !

Annotations:
D:4 1 runed translucent door
D:9 1 runed translucent door, barott's ghost, journeyman GrEE


Message History

There is a stone staircase leading down here.
You start resting.
Magic restored.
You start resting.
HP restored.
You climb downwards.
The five-headed hydra closely misses you.
The five-headed hydra bites you but does no damage.
The five-headed hydra bites you!
The five-headed hydra completely misses you.
The five-headed hydra bites you but does no damage.
There is a stone staircase leading up, spattered with blood here.
Casting: Flame Wave (dangerous; 1% risk of failure)
Confirm with . or Enter, or press ? or * to list all spells.
You feel a surge of power!
You erupt in a blast of force!
The mystic blast hits the five-headed hydra!!
The five-headed hydra is moderately wounded.
The five-headed hydra is knocked back by the mystic blast.
A centaur warrior comes into view.
Casting: Iskenderun's Mystic Blast (safe; 1% risk of failure)
Confirm with . or Enter, or press ? or * to list all spells.
Casting: Flame Wave (dangerous; 1% risk of failure)
Press: ? - help, Dir - look around, f - activate You feel a surge of power!
A wave of flame ripples out! (Press . to intensify the flame waves.)
The centaur warrior wields a +0 shortbow.
The centaur warrior shoots an arrow.
The arrow hits you!
Unknown command.
A wave of flame ripples out!
The flame wave engulfs the five-headed hydra!!
The five-headed hydra is severely wounded.
The centaur warrior shoots an arrow.
The arrow hits you! The five-headed hydra bites you.
The five-headed hydra completely misses you.
The five-headed hydra misses you.
The five-headed hydra barely misses you.
The five-headed hydra bites you!
* * * LOW HITPOINT WARNING * * *
The centaur warrior shoots an arrow.
The arrow hits you!
You die...

#######c##
#..†@....#
#..D.....#
#..††....#
..........#
###........#
#........#
#........#
##.#######


You could see a five-headed hydra and a centaur warrior.

Vanquished Creatures
  2 boulder beetles
  2 ogre magi (D:10)
  2 hydras
  A centaur warrior (D:13)
  3 two-headed ogres
  An anaconda (shapeshifter) (D:13)
  2 bog bodies (IceCv)
  2 orc knights (Bailey)
  5 ugly things (D:14)
  A manticore (D:13)
  2 cyclopes
  A salamander (shapeshifter) (D:13)
  An ice statue (IceCv)
  2 unseen horrors
  5 gargoyles
  An ice devil (IceCv)
  2 komodo dragons
  5 kobold demonologists
  2 anaconda simulacra (IceCv)
  A tengu conjurer (D:13)
  4 trolls
  6 meliai (D:13)
  A hornet (D:7)
  A tarantella (shapeshifter) (D:12)
  10 slime creatures
  2 shadows
  A vampire (D:12)
  17 yaks
  2 wraiths
  2 wyverns (D:9)
  2 dire elephant simulacra (IceCv)
  2 harpy simulacra (IceCv)
  4 wargs (D:9)
  Edmund (D:5)
  2 acid dragons
  9 orc warriors
  An ice beast (D:7)
  2 black bears
  3 ogres
  6 centaurs
  A phantom (D:6)
  3 kobold brigands (D:9)
  7 two-headed ogre simulacra (IceCv)
  5 bullfrogs
  A gnoll sergeant (D:10)
  A necrophage (D:8)
  A cane toad simulacrum (IceCv)
  6 scorpions
  11 wights
  2 elephant simulacra (IceCv)
  19 killer bees
  6 electric eels
  2 jellies
  Crazy Yiuf (D:2)
  7 orc priests
  6 hounds
  A gnoll bouda (D:10)
  Jessica (D:2)
  Natasha (D:2)
  3 iguanas (D:5)
  13 orc wizards
  2 polar bear simulacra (IceCv)
  5 spriggan simulacra (IceCv)
  3 troll simulacra (IceCv)
  3 wolf simulacra (IceCv)
  22 gnolls
  16 adders
  4 naga simulacra (IceCv)
  3 shadow imps
  13 white imps
  6 ufetubi
  A worm (D:2)
  7 dart slugs
  43 orcs
  16 ball pythons
  9 endoplasms
  12 giant cockroaches
  17 goblins
  10 hobgoblins
  7 jackals (D:1)
  11 quokkas
  4 bats
  11 frilled lizards
  A goblin skeleton (D:4)
  A goblin zombie (D:4)
  41 kobolds
  8 kobold skeletons (D:9)
  10 kobold zombies (D:9)
  9 rats
514 creatures vanquished.

Vanquished Creatures (others)
  9 plants (D:9)
9 creatures vanquished.

Grand Total: 523 creatures vanquished

Notes
Turn   | Place    | Note
-------+----------+-------------------------------------------
     0 | D:1      | Anriel the Deep Elf Conjurer began the quest for the Orb.
     0 | D:1      | Reached XP level 1. HP: 10/10 MP: 6/6
   144 | D:1      | Reached XP level 2. HP: 12/15 MP: 2/8
   229 | D:1      | Found Xuixum's Assorted Antiques.
   437 | D:1      | Reached skill level 5 in Conjurations
   488 | D:1      | Reached XP level 3. HP: 19/19 MP: 6/9
   665 | D:1      | Learned a level 2 spell: Searing Ray
  1333 | D:2      | Reached XP level 4. HP: 24/24 MP: 5/11
  1494 | D:2      | Found a runed translucent door.
  1495 | D:2      | Noticed Crazy Yiuf
  1503 | D:2      | Killed Crazy Yiuf
  1504 | D:2      | Reached skill level 4 in Spellcasting
  1582 | D:2      | Noticed Jessica
  1586 | D:2      | Killed Jessica
  1625 | D:2      | Noticed Natasha
  1629 | D:2      | Killed Natasha
  1630 | D:2      | Reached XP level 5. HP: 28/28 MP: 9/13
  2243 | D:3      | Learned a level 4 spell: Iskenderun's Mystic Blast
  2379 | D:3      | Found a faded altar of an unknown god.
  2387 | D:3      | Reached skill level 1 in Short Blades
  2604 | D:3      | Identified the +2 robe of the Morning Star {rC+ Stlth+}
  2659 | D:3      | Reached skill level 5 in Spellcasting
  2945 | D:4      | Reached XP level 6. HP: 33/33 MP: 1/15
  3181 | D:4      | Found a glowing golden altar of the Shining One.
  3343 | D:4      | Identified the +2 hand axe "Soluuruh" {spect, *Noise rF+
                  | Str+2 Dex+7}
  3357 | D:4      | Found an opulent altar of Gozag.
  3357 | D:4      | Found a faded altar of an unknown god.
  3362 | D:4      | Found a faded altar of an unknown god.
  3364 | D:4      | Found a shadowy altar of Dithmenos.
  3365 | D:4      | Found an iron altar of Okawaru.
  3413 | D:4      | Found an ancient bone altar of Kikubaaqudgha.
  3429 | D:4      | Reached skill level 6 in Spellcasting
  3840 | D:4      | Found a runed translucent door.
  3840 | D:4      | Noticed a human
  3842 | D:4      | Found a basalt altar of Yredelemnul.
  4013 | D:4      | Reached XP level 7. HP: 37/37 MP: 11/18
  4079 | D:5      | Entered Level 5 of the Dungeon
  4119 | D:5      | Found a glowing drain.
  4124 | Sewer    | Entered a sewer
  4283 | Sewer    | Reached skill level 1 in Translocations
  4634 | Sewer    | Reached skill level 5 in Dodging
  4634 | Sewer    | Reached skill level 7 in Spellcasting
  4738 | D:5      | Reached XP level 8. HP: 42/42 MP: 2/21
  4868 | D:5      | Found a burning altar of Makhleb.
  4868 | D:5      | Noticed Edmund
  4893 | D:5      | Killed Edmund
  5054 | D:5      | Found a shimmering blue altar of Sif Muna.
  5111 | D:5      | Became a worshipper of Sif Muna the Loreminder
  5125 | D:5      | Reached skill level 8 in Spellcasting
  5226 | D:5      | Found a glowing silver altar of Zin.
  5228 | D:5      | Found a hide-covered altar of Uskayaw.
  5367 | D:5      | Found Toppit's Distillery.
  5377 | D:5      | Bought a potion of heal wounds for 50 gold pieces
  5377 | D:5      | Bought a potion of heal wounds for 50 gold pieces
  5377 | D:5      | Bought a potion of curing for 30 gold pieces
  5377 | D:5      | Bought a potion of curing for 30 gold pieces
  5377 | D:5      | Bought a potion of curing for 30 gold pieces
  5377 | D:5      | Bought a potion of curing for 30 gold pieces
  5574 | D:6      | Found a staircase to the Ecumenical Temple.
  5587 | Temple   | Entered the Ecumenical Temple
  5913 | D:6      | Reached XP level 9. HP: 46/46 MP: 16/23
  6057 | D:6      | Reached skill level 9 in Spellcasting
  6102 | D:6      | Reached * piety under Sif Muna
  6347 | D:6      | Reached skill level 1 in Fighting
  6347 | D:6      | Reached skill level 1 in Invocations
  6813 | D:7      | Reached skill level 10 in Spellcasting
  7185 | D:7      | Paralysed by a hornet for 2 turns
  7221 | D:7      | Reached XP level 10. HP: 34/52 MP: 7/26
  7369 | D:7      | Noticed a purple ugly thing
  7412 | D:7      | Found a bloodstained altar of Trog.
  7553 | D:7      | Reached skill level 10 in Conjurations
  8000 | D:8      | Found a broken altar of Ashenzari.
  8029 | D:8      | Reached ** piety under Sif Muna
  8200 | D:8      | Found a sacrificial altar of Ru.
  8208 | D:8      | Noticed a two-headed ogre
  8217 | D:8      | Killed a two-headed ogre
  8218 | D:8      | Reached skill level 11 in Spellcasting
  8535 | D:8      | Learned a level 4 spell: Flame Wave
  8687 | D:8      | Identified the +9 sling "Goajo" {freeze, rElec}
  8774 | D:9      | Found an ancient bone altar of Kikubaaqudgha.
  8786 | D:9      | Reached *** piety under Sif Muna
  8831 | D:9      | Reached skill level 1 in Fire Magic
  9138 | D:9      | Found a flagged portal.
  9155 | Bailey   | Entered a bailey
  9385 | Bailey   | Noticed an orc knight
  9421 | Bailey   | Killed an orc knight
  9422 | Bailey   | Reached skill level 5 in Stealth
  9576 | Bailey   | Reached skill level 5 in Translocations
  9682 | Bailey   | Reached **** piety under Sif Muna
  9928 | Bailey   | Identified the +5 halberd of Dithmenos's Vengeance {vamp,
                  | rF+ Will+}
  9939 | Bailey   | Noticed an orc knight
  9947 | Bailey   | Reached skill level 5 in Invocations
 10232 | Bailey   | Killed an orc knight
 10405 | Bailey   | Reached XP level 11. HP: 40/56 MP: 21/28
 10597 | Bailey   | Acquired a book of Geomancy
 10599 | Bailey   | Acquired the ring "Minnaen" {rC+ rN+ Will+}
 10625 | Bailey   | Found an iron altar of Okawaru.
 10717 | Bailey   | Identified the +9 ring mail of Tiuhakoi {+Blink rPois rF+}
 10849 | Bailey   | Reached skill level 10 in Dodging
 10849 | Bailey   | Reached skill level 5 in Fire Magic
 10849 | Bailey   | Reached XP level 12. HP: 61/61 MP: 29/29
 10958 | D:9      | Found a staircase to the Orcish Mines.
 10995 | D:9      | Found a staircase to the Lair.
 11009 | D:9      | Reached skill level 12 in Spellcasting
 11156 | D:9      | Found a snail-covered altar of Cheibriados.
 11248 | D:9      | Found a runed translucent door.
 11249 | D:9      | Found a shimmering altar of Xom.
 11249 | D:9      | Noticed barott's ghost (journeyman GrEE)
 11430 | D:9      | Found a white marble altar of Elyvilon.
 11822 | D:10     | Entered Level 10 of the Dungeon
 11822 | D:10     | Noticed an eight-headed hydra
 11826 | D:10     | Noticed an ogre mage
 11835 | D:10     | Killed an eight-headed hydra
 11983 | D:10     | Noticed an ogre mage
 12094 | D:10     | Killed an ogre mage
 12199 | D:10     | Reached ***** piety under Sif Muna
 12369 | D:10     | Identified the +4 scale mail of Qazlal {Slay+3}
 12385 | D:10     | Received a gift from Sif Muna
 12388 | D:10     | Got Sif Muna's Almanac of Despicable Rituals {god gift}
 12623 | D:10     | Killed an ogre mage
 12715 | D:10     | Noticed a two-headed ogre
 12723 | D:10     | Killed a two-headed ogre
 12724 | D:10     | Reached skill level 13 in Spellcasting
 14579 | D:12     | Found a frozen archway.
 14586 | D:12     | Noticed a boulder beetle
 14591 | IceCv    | Entered an ice cave
 15031 | IceCv    | Reached XP level 13. HP: 65/65 MP: 26/32
 15093 | IceCv    | Got the Disquisition on Rime
 15566 | D:12     | Reached skill level 14 in Spellcasting
 15859 | D:12     | HP: 3/65 [boulder beetle (56)]
 16049 | D:12     | Received a gift from Sif Muna
 16051 | D:12     | Got Egihusaf's Textbook on Sweltering Shaping {god gift}
 16905 | D:13     | Reached skill level 10 in Invocations
 17309 | D:13     | Identified the +1 mace of the Slime-mould {drain, Will+}
 17573 | D:13     | Learned a level 1 spell: Freeze
 17577 | D:13     | Learned a level 3 spell: Stone Arrow
 17584 | D:13     | Learned a level 6 spell: Starburst
 17768 | D:14     | Shot with an arrow by a centaur warrior

Illustrated notes

Levels and vault maps discovered:
D:1:      ncdulo_watergridlock, layout_rooms, serial_shops, nicolae_square_shop
D:2:      layout_basic, uniq_jessica, uniq_crazy_yiuf_cottage, uniq_natasha
D:3:      layout_basic, nicolae_ecumenical_oubliette, columned_hall_lemuel,
          minmay_misc_feat_alley
D:4:      layout_basic, chequers_temple_overflow_minitemple,
          dk_yredelemnul_ordeal, kennysheep_mini, kiku_gazebo_pond_becter,
          minmay_manual_mess
D:5:      layout_cave_pools, makhleb_heckhound_becter,
          mainiacjoe_overflow_24_doors, minitemple, portal_sewer_entry_e,
          serial_shops, nicolae_shop_hallway_plus, kennysheep_small_square,
          uniq_edmund
D:6:      layout_rooms, minmay_temple_entry_ruins, nicolae_eternal_life
D:7:      minmay_klotski, layout_loops_ring, kennysheep_little_box,
          minmay_misc_feat_room, dk_vineyard_1, lightli_corner_chamber
D:8:      layout_rooms, lemuel_tele_altar, nicolae_ashenzari_panopticon,
          chequers_serial_rivers_micro_d, serial_park_tiny_1
D:9:      wander_kiku_kobolds, layout_long_grid, nicolae_elyvilon_temple_path,
          cheibriados_altar_1, david_lair_shrubbed, minmay_orc_entry_guard_dogs,
          ebering_ghost_xom, lightli_bailey_entry_fortress
D:10:     layout_roguey, chequers_serial_rivers_room_a, kb_rosetta
D:11:     layout_grid_maze
D:12:     layout_irregular_city, portal_ice_cave_entry_pillars_2
D:13:     layout_cave_pools
D:14:     layout_roguey [special_room_mythical_zoo], david_vaults_5,
          infiniplex_staircase_diamond, palyth_stone_intersect
Temple:   corrupted_temple

Skill      XL: |  1  2  3  4  5  6  7  8  9 10 11 12 13 |
---------------+----------------------------------------+-----
Conjurations   | 5 6 7 8 9 10 12 13 | 13.1
Dodging        | 3 4 5 6 7 9 10 11 12 | 12.5
Spellcasting   | 4 5 6 7 8 10 11 13 14 | 14.9
Short Blades   | 1 3 |  3.5
Stealth        | 3 4 5 6 |  6.3
Translocations | 2 4 5 6 7 |  7.7
Fighting       | 1 |  1.8
Invocations    | 3 5 7 9 10 | 10.3
Fire Magic     | 2 5 6 |  6.4
Evocations     | |  0.1

Action                   |  1- 3 |  4- 6 |  7- 9 | 10-12 | 13-15 || total
-------------------------+-------+-------+-------+-------+-------++-------
Melee: Short sword       |    24 |    11 |     6 |     2 |       ||    43
       Dagger            |       |       |     5 |     1 |       ||     6
       Staff             |       |       |     3 |     1 |     1 ||     5
 Cast: Magic Dart        |    74 |    78 |   164 |   165 |    24 ||   505
       Searing Ray       |       |    11 |    46 |    95 |    16 ||   168
       Iskenderun's Myst |       |       |     7 |    68 |    54 ||   129
       Flame Wave        |       |       |       |    13 |    17 ||    30
Invok: Channel Magic     |       |       |       |     3 |     3 ||     6
Evoke: Wand              |       |       |       |     2 |       ||     2
  Use: Scroll            |     7 |     3 |    13 |     6 |     6 ||    35
       Potion            |       |       |     5 |     3 |    10 ||    18
 Stab: Paralysed         |       |       |       |     2 |       ||     2
Armor: Robe              |     9 |    10 |    28 |    31 |    18 ||    96
       Skin              |       |       |    10 |     2 |       ||    12
Dodge: Dodged            |    18 |    25 |    54 |   240 |   135 ||   472
